 Dungeon Crawl Stone Soup version 0.31-a0-234-gad7ace16ef (webtiles) character file.

Game seed: 6649464376065779613

71 qw the Shooter (level 4, -1/26 HPs)
             Began as a Gargoyle Hexslinger on July 9, 2023.
             Killed by nerve-wracking pain
             ... invoked by Grinder
              (4 damage)
             ... while paralysed by Grinder
             ... on level 5 of the Dungeon.
             The game lasted 00:00:44 (1864 turns).

qw the Shooter (Gargoyle Hexslinger)                Turns: 1864, Time: 00:00:44

Health: -1/26      AC: 11    Str: 12    XL:     4   Next: 24%
Magic:  5/5        EV:  2    Int: 13    God:
Gold:   159        SH:  0    Dex: 14    Spells: 4/5 levels left

rFire   . . .        Y - +1 sling
rCold   . . .        (no shield)
rNeg    + . .        a - +0 ring mail
rPois   inf          (no helmet)
rElec   +            e - +2 cloak
rCorr   .            (no gloves)
SInv    +            (no boots)
Will    .....        (no amulet)
Stlth   +            f - ring of see invisible
HPRegen 0.24/turn    (no ring)
MPRegen 0.09/turn

%: no passive effects
@: paralysed
A: sickness immunity, AC +3, negative energy resistance 1, electricity
resistance, torment resistance 1, petrification resistance
a: no special abilities


You were on level 5 of the Dungeon.
You visited 1 branch of the dungeon, and saw 4 of its levels.

You collected 159 gold pieces.


Innate Abilities, Weirdness & Mutations

You are immune to sickness and miasma.
Your stone body is resilient. (AC +3)
You are immune to poison.
You resist negative energy. (rN+)
You are resistant to electric shocks. (rElec)
You are resistant to unholy torment.
You are immune to petrification.


   Skills:
 - Level 2.0 Fighting
 - Level 4.0 Ranged Weapons
 + Level 0.1 Armour
 - Level 1.5 Dodging
 - Level 1.0 Spellcasting
 - Level 2.6 Hexes


You had 4 spell levels left.
You knew the following spells:

 Your Spells              Type           Power      Damage    Failure   Level
a - Slow                  Hex            28%        N/A       22%         1

Your spell library contained the following spells:

 Spells                   Type           Power      Damage    Failure   Level
 Inner Flame              Hex/Fire       4%         N/A       73%         3
 Portal Projectile        Hex/Tloc       8%         N/A       73%         3
 Cause Fear               Hex            3%         N/A       91%         4

Inventory:

Hand Weapons
 Y - a +1 sling (weapon)
Armour
 a - a +0 ring mail (worn)
 e - a +2 cloak (worn)
Jewellery
 f - a ring of see invisible (left hand)
Potions
 d - a potion of cancellation

Dungeon Overview and Level Annotations

Branches:
Dungeon (3/15)

Altars:

Shops:
D:2 :

Annotations:
D:5 Grinder


Message History

The shadow imp gestures at you. Pain shoots through your body!
You shoot a sling bullet. The sling bullet hits the shadow imp.
The shadow imp is heavily wounded.
The shadow imp misses you.
Grinder says, "At least Makhleb appreciates what I'm doing."
You shoot a sling bullet.
The sling bullet hits Grinder but does no damage.
Grinder hits you.
You writhe in agony.
You shoot a sling bullet. The sling bullet barely misses Grinder.
The sling bullet closely misses the shadow imp.
Grinder hits you but does no damage.
You shoot a sling bullet. The sling bullet hits Grinder.
Grinder is lightly wounded.
Grinder hits you but does no damage. Grinder hits you.
You writhe in agony.
You shoot a sling bullet. The sling bullet barely misses Grinder.
The sling bullet hits the shadow imp.
The shadow imp is severely wounded.
Grinder gestures at you. Pain shoots through your body!
You shoot a sling bullet. The sling bullet hits Grinder.
Grinder is lightly wounded.
Grinder hits you but does no damage. x2
You shoot a sling bullet.
The sling bullet hits Grinder but does no damage.
Grinder is lightly wounded.
Grinder blinks!
You shoot a sling bullet.
The sling bullet closely misses the shadow imp.
The shadow imp hits you but does no damage.
You shoot a sling bullet.
The sling bullet closely misses the shadow imp.
The shadow imp hits you.
You shoot a sling bullet.
The sling bullet hits Grinder but does no damage.
Grinder gestures at you.
You suddenly lose the ability to move!
Grinder gestures at you. Pain shoots through your body!
You die...

#.# #+# ... #.# ## #.#
##.# #.# ...##.##
....5. ..#5# #.#@#
#.#.# #...# #+# #..##
#.######## #..####.#
#........# #.......#
##........#####.######
#...##..........#
.....#.##.#######


You could see Grinder and a shadow imp.

Vanquished Creatures
  An adder (D:2)
  2 worms (D:2)
  3 dart slugs
  An orc (D:5)
  7 ball pythons
  2 bats (D:2)
  6 endoplasms
  A giant cockroach (D:2)
  3 goblins
  4 hobgoblins
  2 quokkas (D:1)
  5 frilled lizards
  7 kobolds
  2 rats
46 creatures vanquished.

Notes
Turn   | Place    | Note
-------+----------+-------------------------------------------
     0 | D:1      | qw the Gargoyle Hexslinger began the quest for the Orb.
     0 | D:1      | Reached XP level 1. HP: 12/12 MP: 2/2
     0 | D:1      | 0 ||| qw: Version: 0.3-a-51-g015441d
     0 | D:1      | 0 ||| qw: Game counter: 4210
     0 | D:1      | 0 ||| qw: Melee chars always use a shield: true
     0 | D:1      | 0 ||| qw: God list: Okawaru
     0 | D:1      | 0 ||| qw: Allow faded altars: false
     0 | D:1      | 0 ||| qw: Do Orc after clearing Dungeon:15 true
     0 | D:1      | 0 ||| qw: Do second Lair branch before Depths: true
     0 | D:1      | 0 ||| qw: Lair rune preference: random
     0 | D:1      | 0 ||| qw: Goals: Normal
     0 | D:1      | 0 ||| PLANNING D:1-11
   167 | D:1      | Reached XP level 2. HP: 16/16 MP: 3/3
   243 | D:1      | Reached skill level 3 in Ranged Weapons
   482 | D:1      | Found a faded altar of an unknown god.
   708 | D:1      | 708 ||| UPGRADING to +2 cloak.
   713 | D:1      | 713 ||| READING 2 scrolls labelled IQELOO EZIUWN.
   714 | D:1      | 714 ||| READING scroll labelled DIDGHAY SEOTEPP.
   715 | D:1      | 715 ||| READING scroll labelled QUCIPL KAOXU.
   716 | D:1      | 716 ||| READING scroll labelled TOYGAUDOMMA.
   717 | D:1      | 717 ||| DROPPING scroll of fear.
   718 | D:1      | 718 ||| DROPPING scroll of poison.
   734 | D:2      | Reached XP level 3. HP: 21/21 MP: 4/4
   947 | D:2      | 947 ||| FLEEEEING.
  1121 | D:2      | Reached XP level 4. HP: 26/26 MP: 5/5
  1320 | D:2      | Reached skill level 4 in Ranged Weapons
  1605 | D:2      | Found Megauf's Book Emporium.
  1707 | D:2      | 1707 ||| UPGRADING to +0 ring mail.
  1717 | D:2      | 1717 ||| DROPPING +0 robe.
  1718 | D:2      | 1718 ||| UPGRADING to ring of see invisible.
  1719 | D:2      | 1719 ||| READING scroll labelled SOSEUPIODA.
  1720 | D:2      | 1720 ||| READING scroll labelled KUATHI CUFAE.
  1723 | D:2      | 1723 ||| DRINKING 2 metallic cyan potions.
  1740 | D:3      | You fall into a shaft and drop 2 floors!
  1740 | D:5      | Entered Level 5 of the Dungeon
  1742 | D:5      | 1742 ||| PLANNING SEWER
  1846 | D:5      | Noticed Grinder
  1849 | D:5      | Paralysed by Grinder for 3 turns
  1857 | D:5      | HP: 5/26 [Grinder (2)]
  1858 | D:5      | HP: 2/26 [Grinder/nerve-wracking pain (2)]
  1863 | D:5      | Paralysed by Grinder for 5 turns
  1864 | D:5      | Killed from afar by Grinder

Levels and vault maps discovered:
D:1:      dpeg_arrival_shelter, layout_loops_ring,
          shapermc_ecumenical_altar_flowoftime, minmay_door_square
D:2:      layout_basic, serial_shops, shop,
          wander_ebering_terrifying_dragon_lair
D:3:      layout_rooms, fedhas_altar_fruit_tree
D:5:      layout_loops_corners, lemuel_round_altar, portal_sewer_entry_a,
          grunt_ministairs_6, uniq_grinder, uniq_edmund

Skill      XL: |  1  2  3  4 |
---------------+-------------+-----
Ranged Weapons | 3 4 |  4.0
Fighting       | 2 |  2.0
Armour         | |  0.1
Dodging        | |  1.5
Spellcasting   | |  1.0
Hexes          | |  2.6

Action                     |  1- 3 |  4- 6 || total
---------------------------+-------+-------++-------
   Fire: Sling             |   134 |    43 ||   177
    Use: Scroll            |     4 |     2 ||     6
         Potion            |       |     1 ||     1
 Armour: Robe              |    22 |     6 ||    28
         Ring mail         |       |     8 ||     8
  Dodge: Dodged            |    42 |     5 ||    47

Table legend:
 A = Non-vault XP
 B = Vault XP
 C = Vault XP percentage of total XP
 D = Non-vault monster count
 E = Vault monster count
 F = Vault count percentage of total count
                 A         B        C        D         E       F
            +---------+---------+-------+---------+---------+-------
      Total |     101 |       1 |   1.0 |      45 |       1 |   2.2
            +---------+---------+-------+---------+---------+-------
        D:1 |      31 |       0 |   0.0 |      18 |       0 |   0.0
        D:2 |      67 |       1 |   1.5 |      26 |       1 |   3.7
        D:5 |       3 |       0 |   0.0 |       1 |       0 |   0.0
            +---------+---------+-------+---------+---------+-------
